 Dungeon Crawl Stone Soup version 0.23-a0-310-gdcc7a32 (webtiles) character file.

27763 namelastname112 the Fighter (level 13, -13/112 (114) HPs)
             Began as a Yellow Draconian Skald on Oct 12, 2018.
             Was the Champion of Okawaru.
             Killed from afar by Frances (30 damage)
             ... with a shard of ice
             ... on level 12 of the Dungeon.
             The game lasted 00:33:24 (15051 turns).

namelastname112 the Fighter (DrSk)                 Turns: 15051, Time: 00:33:25

HP:   -13/112 (114) AC: 14    Str: 16    XL:     13   Next: 6%
MP:   19/25         EV: 18    Int: 13    God:    Okawaru [******]
Gold: 825           SH:  0    Dex: 17    Spells: 22/28 levels left

rFire    + . .     SeeInvis .   C - +8 long sword of Cimo {freeze, +Fly}
rCold    + . .     Gourm    .   (no shield)
rNeg     . . .     Faith    .   (armour unavailable)
rPois    .         Spirit   .   (helmet restricted)
rElec    .         Reflect  .   l - +2 cloak {MR+}
rCorr    +         Harm     .   O - +2 pair of gloves {Dex+3}
MR       +....                  (no boots)
Stlth    ++........             P - amulet of the acrobat
HPRegen  0.28/turn              J - ring of protection from cold
MPRegen  0.19/turn              M - ring of protection from fire

@: short of breath
A: spit acid, acid resistance, unfitting armour, cold-blooded, AC +8
a: Breathe Acid, Heroism, Finesse, Renounce Religion, Evoke Flight


You were on level 12 of the Dungeon.
You worshipped Okawaru.
Okawaru was exalted by your worship.
You were hungry.

You visited 2 branches of the dungeon, and saw 13 of its levels.
You also visited: Ice Cave.

You collected 1055 gold pieces.
You spent 230 gold pieces at shops.

Inventory:

Hand Weapons
 i - a +2 triple sword of electrocution
 C - the +8 long sword of Cimo (weapon) {freeze, +Fly}
   (You found it on level 11 of the Dungeon)

   It has been specially enchanted to freeze those struck by it, causing extra
   injury to most foes and up to half again as much damage against particularly
   susceptible opponents.
   It can also slow down cold-blooded creatures.
   It lets you fly.
 E - a +0 scimitar of flaming
Missiles
 d - 10 javelins of returning (quivered)
 x - 3 javelins of penetration
 G - a throwing net
Armour
 l - a +2 cloak of magic resistance (worn)
 O - a +2 pair of gloves of dexterity (worn)
Jewellery
 m - an uncursed ring of see invisible
 J - a ring of protection from cold (left hand)
 M - a ring of protection from fire (right hand)
 P - an amulet of the acrobat (around neck)
 Q - an uncursed ring of wizardry
Wands
 h - a wand of polymorph (14)
 p - a wand of acid (14)
 s - a wand of flame (18)
 y - a wand of random effects (34)
 B - a wand of iceblast (19)
 K - a wand of digging (16)
 L - a wand of enslavement (18)
Scrolls
 f - a scroll of blinking
 g - 6 scrolls of remove curse
 n - 3 scrolls of teleportation
 q - 3 scrolls of identify
 t - a scroll of fear
 v - 2 scrolls of immolation
 A - a scroll of enchant weapon
 H - a scroll of enchant armour
Potions
 b - 3 potions of lignification
 e - 3 potions of haste
 j - 4 potions of heal wounds
 k - 2 potions of magic
 o - 6 potions of curing
 r - 2 potions of might
 u - 4 potions of brilliance
 w - a potion of ambrosia
 z - 3 potions of mutation
 D - a potion of flight
 F - a potion of invisibility
Comestibles
 a - 4 chunks of flesh
 c - 12 rations


   Skills:
 + Level 10.3 Fighting
 * Level 9.7 Long Blades
 + Level 4.6 Throwing
 + Level 8.8 Dodging
 - Level 8.4 Spellcasting
 - Level 8.7 Charms
 + Level 8.5 Invocations


You had 22 spell levels left.
You knew the following spells:

 Your Spells              Type           Power        Failure   Level  Hunger
d - Regeneration          Chrm/Necr      ###.......   7%          3    ##.....
x - Spectral Weapon       Hex/Chrm       ###.....     7%          3    ##.....

Your spell library contained the following spells:

 Spells                   Type           Power        Failure   Level  Hunger
 Infusion                 Chrm           ####         1%          1    None
 Song of Slaying          Chrm           ####....     1%          2    None
 Shroud of Golubria       Chrm/Tloc      ###.......   3%          2    None
 Ozocubu's Armour         Chrm/Ice       ###.....     7%          3    ##.....
 Animate Skeleton         Necr           N/A          13%         1    None
 Freeze                   Ice            #...         13%         1    None
 Pain                     Necr           #...         13%         1    None
 Summon Butterflies       Summ           #.......     13%         1    None
 Summon Small Mammal      Summ           #...         13%         1    None
 Call Imp                 Summ           #.......     21%         2    None
 Throw Frost              Conj/Ice       #.....       21%         2    None
 Call Canine Familiar     Summ           #.......     36%         3    ##.....
 Summon Guardian Golem    Hex/Summ       #.......     36%         3    ##.....
 Vampiric Draining        Necr           #.........   36%         3    ##.....
 Animate Dead             Necr           N/A          78%         4    ####...
 Summon Ice Beast         Ice/Summ       #.......     78%         4    ####...
 Summon Lightning Spire   Summ/Air       #.......     78%         4    ####...
 Throw Icicle             Conj/Ice       #.......     78%         4    ####...
 Summon Mana Viper        Hex/Summ       #.......     98%         5    #####..
 Summon Hydra             Summ           #.........   100%        7    #######


Dungeon Overview and Level Annotations

Branches:
Dungeon (12/15)            Temple (1/1) D:5            Lair (0/6) D:11
    Orc (0/2) D:10

Altars:
Ashenzari
Cheibriados
Dithmenos
Elyvilon
Fedhas
Gozag
Hepliaklqana
Kikubaaqudgha
Makhleb
Nemelex Xobeh
Okawaru
Qazlal
Ru
Sif Muna
Trog
Uskayaw
Vehumet
Wu Jian
Xom
Yredelemnul
Zin
The Shining One

Shops:
D:10 (

Annotations:
D:10 3 runed doors, TBriggs11TB's ghost, journeyman HaHu
D:11 3 runed doors, Nib's ghost, journeyman CeHu
D:12 Frances


Innate Abilities, Weirdness & Mutations

You can spit globs of acid.
You are resistant to acid.
Your golden yellow scales are hard. (AC +8)
You cannot fit into any form of body armour.
You are cold-blooded and may be slowed by cold attacks.


Message History

Your spectral weapon shares its damage with you!
Your spectral weapon fades away.
You take 2 damage, and have 50/112 hp.
You slash Frances! You freeze Frances.
Frances is severely wounded.
Frances chants phrases taken from a devil's mouth.
The shard of ice hits you! You partially resist.
You take 8 damage, and have 42/112 hp.
You slash Frances! You freeze Frances.
Frances is almost dead.
Frances screams a word of power!
The iron shot misses you. Frances hits you with a battleaxe!!
* * * LOW HITPOINT WARNING * * *
You take 25 damage, and have 17/112 hp.
MASSIVE DAMAGE!!
Casting: Regeneration (safe; 7% risk of failure)
Confirm with . or Enter, or press ? or * to list all spells.
You draw out your weapon's spirit!
Frances chants phrases taken from a devil's mouth.
The shard of ice hits you! You partially resist.
You die...

# #######+#### #
#..........# ######
#..........# .....#
#..........#
.....####..........#
.....#..'..........#
.....#.##..........#
.....'.##........(.#
.....####......>@..#
.....# #######@####
.....# ####o# .#####
##..oo# .####
#..#### ....# #o##
....# #'# ....####


oo. ....#.. ..$.. You could see Frances, 3 orc warriors and a friendly spectral
long sword of Cimo {freeze, +Fly}.

Vanquished Creatures
  Rupert (D:12)
  A frost giant (IceCv)
  Snorg (D:10)
  Harold (D:10)
  3 hydras
  A death yak (IceCv)
  2 two-headed ogres (D:10)
  Urug (D:11)
  Nergalle (D:10)
  Pikel (D:5)
  An ugly thing (D:11)
  A cyclops (D:11)
  Maurice (D:8)
  An ice statue (IceCv)
  2 gargoyles
  A rime drake (IceCv)
  2 trolls (D:10)
  11 polar bears (IceCv)
  Grinder (D:4)
  2 hornets
  2 dream sheep (D:8)
  3 hippogriffs
  Sigmund (D:4)
  28 yaks
  Eustachio (D:4)
  2 wyverns
  Grum (D:8)
  3 hungry ghosts
  A water moccasin (D:8)
  4 sky beasts
  A slave (D:4)
  3 ice beasts
  3 orc warriors
  2 necrophages
  2 phantoms
  18 wolves
  3 ogres
  3 centaurs
  Blork the orc (D:4)
  5 big kobolds
  5 bullfrogs
  5 scorpions
  2 electric eels (D:10)
  5 crimson imps
  2 bullfrog zombies
  8 hounds
  A quasit (D:9)
  A centaur zombie (D:11)
  4 orc priests
  2 jellies
  5 orc wizards
  3 bullfrog skeletons
  A gnoll shaman (D:7)
  An iguana (D:8)
  7 worker ants
  2 hound zombies
  Robin (D:2)
  2 howler monkey zombies
  4 gnolls
  9 adders
  2 howler monkey skeletons
  3 shadow imps
  An ooze (D:4)
  2 adder skeletons
  3 worms
  5 dart slugs
  6 leopard geckos
  41 orcs
  5 bats
  2 giant cockroaches
  12 goblins
  13 hobgoblins
  16 jackals
  16 kobolds
  4 quokkas
  A ball python (D:6)
  6 frilled lizards
  A leopard gecko skeleton (D:4)
  A quokka skeleton (D:4)
  A quokka zombie (D:6)
  5 rats
339 creatures vanquished.

Vanquished Creatures (others)
  A polar bear (IceCv)
  2 yaks (IceCv)
  10 spectral weapons
13 creatures vanquished.

Grand Total: 352 creatures vanquished

Notes
Turn   | Place    | Note
-------+----------+-------------------------------------------
     0 | D:1      | namelastname112 the Draconian Skald began the quest for the
                  | Orb.
     0 | D:1      | Reached XP level 1. HP: 17/17 MP: 3/3
    67 | D:1      | Reached XP level 2. HP: 13/25 MP: 5/5
   457 | D:1      | Reached XP level 3. HP: 24/30 MP: 6/6
   921 | D:2      | Found a sacrificial altar of Ru.
  1318 | D:2      | Learned a level 3 spell: Regeneration
  1377 | D:2      | Noticed Robin
  1442 | D:2      | Reached XP level 4. HP: 33/37 MP: 7/7
  1491 | D:2      | Killed Robin
  1847 | D:3      | Reached skill level 3 in Fighting
  2298 | D:3      | Learned a level 3 spell: Spectral Weapon
  2638 | D:4      | Reached XP level 5. HP: 45/45 MP: 9/9
  2724 | D:4      | Noticed Grinder
  2772 | D:4      | Paralysed by Grinder for 5 turns
  2779 | D:4      | Killed Grinder
  2779 | D:4      | Reached XP level 6. HP: 29/52 MP: 7/10
  2819 | D:4      | Noticed Sigmund
  2842 | D:4      | Killed Sigmund
  2842 | D:4      | Reached skill level 4 in Fighting
  2842 | D:4      | Your scales start taking on a golden yellow colour.
  2842 | D:4      | Reached XP level 7. HP: 46/59 MP: 7/12
  3134 | D:4      | Noticed Blork the orc
  3140 | D:4      | Killed Blork the orc
  3171 | D:4      | Noticed Eustachio
  3189 | D:4      | Killed Eustachio
  3547 | D:5      | Entered Level 5 of the Dungeon
  3852 | D:5      | Reached XP level 8. HP: 65/67 MP: 10/14
  3878 | D:5      | Reached skill level 5 in Fighting
  3947 | D:5      | Noticed Pikel
  3968 | D:5      | Killed Pikel
  3968 | D:5      | Reached skill level 5 in Long Blades
  3968 | D:5      | Reached skill level 5 in Charms
  4016 | D:5      | Found a radiant altar of Vehumet.
  4198 | D:5      | Reached skill level 5 in Dodging
  4453 | D:5      | Found a staircase to the Ecumenical Temple.
  4463 | Temple   | Entered the Ecumenical Temple
  4722 | Temple   | Became a worshipper of Warmaster Okawaru
  4989 | D:6      | Reached skill level 5 in Spellcasting
  4994 | D:6      | Reached skill level 6 in Fighting
  5010 | D:6      | Reached XP level 9. HP: 58/74 MP: 14/16
  5077 | D:6      | Reached skill level 1 in Invocations
  5552 | D:7      | Reached * piety under Okawaru
  5733 | D:7      | Found a sparkling altar of Nemelex Xobeh.
  6669 | D:8      | Reached ** piety under Okawaru
  6926 | D:8      | Noticed Maurice
  6937 | D:8      | Reached skill level 7 in Fighting
  6964 | D:8      | Killed Maurice
  6964 | D:8      | Reached XP level 10. HP: 64/85 MP: 13/19
  7235 | D:8      | Reached *** piety under Okawaru
  7483 | D:8      | Noticed Grum
  7513 | D:8      | Killed Grum
  7998 | D:8      | Noticed a two-headed hydra
  8005 | D:8      | Killed a one-headed hydra
  8005 | D:8      | Reached **** piety under Okawaru
  8388 | D:9      | Reached skill level 5 in Invocations
  8405 | D:9      | Reached skill level 8 in Fighting
  8657 | D:9      | Noticed a four-headed hydra
  8671 | D:9      | Killed a one-headed hydra
  8671 | D:9      | Reached XP level 11. HP: 36/93 MP: 9/21
  9036 | D:9      | Reached ***** piety under Okawaru
  9547 | D:10     | Entered Level 10 of the Dungeon
  9547 | D:10     | Noticed Nergalle
  9667 | D:10     | Noticed Snorg
  9818 | D:10     | Paralysed by a hornet for 2 turns
  9862 | D:10     | Noticed a two-headed ogre
  9877 | D:10     | Killed a two-headed ogre
  9877 | D:10     | Received a gift from Okawaru
  9877 | D:10     | Received a gift from Okawaru
  9886 | D:10     | Found Wuab's Antique Weapon Shoppe.
  9953 | D:10     | Bought a faintly glowing great sword for 230 gold pieces
  9953 | D:10     | Identified the +0 great sword "Xob Int" {slice, rPois rC+
                  | Int+3} (You bought it in a shop on level 10 of the Dungeon)
 10121 | D:10     | Found a runed gate.
 10124 | D:10     | Noticed TBriggs11TB's ghost (journeyman HaHu)
 10126 | D:10     | Found a runed gate.
 10126 | D:10     | Found a runed gate.
 10160 | D:10     | Killed Nergalle
 10160 | D:10     | Reached skill level 1 in Throwing
 10168 | D:10     | Found a staircase to the Orcish Mines.
 10221 | D:10     | Noticed Harold
 10239 | D:10     | Noticed a two-headed ogre
 10538 | D:10     | Killed Snorg
 10538 | D:10     | Received a gift from Okawaru
 10539 | D:10     | Got a shimmering great sword {god gift}
 11048 | D:9      | Identified the +6 great sword of Inference {flame, rElec
                  | rC- Int+2} (Okawaru gifted it to you on level 10 of the
                  | Dungeon)
 11287 | D:10     | Killed a two-headed ogre
 11287 | D:10     | Reached skill level 9 in Fighting
 11431 | D:10     | Killed Harold
 11879 | D:11     | Got a warped long sword
 11880 | D:11     | Identified the +8 long sword of Cimo {freeze, +Fly} (You
                  | found it on level 11 of the Dungeon)
 11890 | D:11     | Found a staircase to the Lair.
 11908 | D:11     | Noticed a brown ugly thing
 11919 | D:11     | Killed a brown ugly thing
 11988 | D:11     | Found a runed gate.
 11988 | D:11     | Found a runed gate.
 11989 | D:11     | Noticed a stone giant
 11990 | D:11     | Found a runed gate.
 12070 | D:11     | Found a frozen archway.
 12074 | IceCv    | Entered an ice cave
 12112 | IceCv    | Received a gift from Okawaru
 12112 | IceCv    | Reached XP level 12. HP: 68/102 MP: 12/23
 13425 | IceCv    | Noticed a frost giant
 13425 | IceCv    | Noticed a death yak
 13453 | IceCv    | Killed a frost giant
 13533 | IceCv    | Reached skill level 10 in Fighting
 13770 | IceCv    | Killed a death yak
 13770 | IceCv    | Received a gift from Okawaru
 14286 | D:11     | Noticed Nib's ghost (journeyman CeHu)
 14291 | D:11     | Noticed a seven-headed hydra
 14301 | D:11     | Killed a two-headed hydra
 14432 | D:11     | Noticed Urug
 14459 | D:11     | Killed Urug
 14459 | D:11     | Reached ****** piety under Okawaru
 14751 | D:12     | Received a gift from Okawaru
 14867 | D:12     | Noticed Rupert
 14889 | D:12     | Killed Rupert
 14889 | D:12     | Received a gift from Okawaru
 14889 | D:12     | Received a gift from Okawaru
 14889 | D:12     | Reached XP level 13. HP: 95/112 MP: 20/25
 15022 | D:12     | Noticed Frances
 15051 | D:12     | Killed from afar by Frances

Vault maps used:
D:1:      lightli_arrival_boilingwater, minmay_misc_feat_roman
D:2:      nicolae_ru_sacrificial_ziggurat, uniq_robin
D:3:      first_ration, cheibrodos_gnoll_hut
D:4:      uniq_blork_the_orc, uniq_eustachio, uniq_sigmund, uniq_grinder
D:5:      vehumet_crystals, minmay_temple_entry_fiery, uniq_pikel
D:6:      hex_intersection
D:7:      nemelex_lonely_heart_becter
D:8:      hangedman_ranch, uniq_grum, uniq_maurice
D:10:     serial_shops, shop, gammafunk_ghost_nasty_kobolds, uniq_harold,
          uniq_snorg, uniq_nergalle
D:11:     lair_entry_dummy, portal_ice_cave_entry_pillars_2,
          gammafunk_ghost_split, uniq_urug
D:12:     uniq_rupert, uniq_frances
Temple:   nicolae_temple_the_god_donut
IceCv:    ice_cave_caverns_02

Skill      XL: |  1  2  3  4  5  6  7  8  9 10 11 12 |
---------------+-------------------------------------+-----
Charms         | 3 4 5 6 7 8 |  8.7
Fighting       | 3 4 6 7 8 9 10 | 10.3
Long Blades    | 3 4 5 6 7 8 9 |  9.7
Dodging        | 3 4 5 6 7 8 |  8.8
Spellcasting   | 3 4 5 6 7 8 |  8.4
Invocations    | 3 5 6 8 |  8.5
Throwing       | 2 4 |  4.6

Action                   |  1- 3 |  4- 6 |  7- 9 | 10-12 | 13-15 || total
-------------------------+-------+-------+-------+-------+-------++-------
Melee: Falchion          |    97 |       |       |       |       ||    97
       Tailslap          |    18 |    16 |    65 |   122 |       ||   221
       Long sword        |    35 |   128 |   378 |   568 |    21 ||  1130
       Hand axe          |       |       |       |    12 |       ||    12
       Scimitar          |       |       |       |   131 |       ||   131
       Great sword       |       |       |       |     3 |       ||     3
       Punch             |       |       |       |     1 |       ||     1
 Cast: Regeneration      |     1 |     2 |     3 |    19 |     1 ||    26
       Spectral Weapon   |       |     2 |    17 |    34 |     2 ||    55
Invok: Heroism           |       |       |       |     3 |       ||     3
 Abil: Breathe Acid      |       |       |     7 |    14 |     1 ||    22
Evoke: Wand              |       |       |     1 |     9 |     1 ||    11
  Use: Scroll            |       |       |    13 |    12 |     1 ||    26
       Potion            |       |       |       |     3 |       ||     3
 Stab: Sleeping          |     2 |       |       |       |     1 ||     3
       Distracted        |       |       |     1 |     3 |       ||     4
  Eat: Chunk             |     1 |     6 |    14 |    17 |     1 ||    39
       Ration            |       |       |     2 |     5 |       ||     7
Armor: Skin              |    47 |    69 |   188 |   270 |     1 ||   575
Dodge: Dodged            |    86 |   112 |   340 |   642 |    10 ||  1190
       Rpst.: Falchion   |    24 |       |       |       |       ||    24
       Long sword        |     4 |    37 |   105 |   123 |     3 ||   272
       Scimitar          |       |       |       |    40 |       ||    40

Table legend:
 A = Non-vault XP
 B = Vault XP
 C = Vault XP percentage of total XP
 D = Non-vault monster count
 E = Vault monster count
 F = Vault count percentage of total count
                 A         B        C        D         E       F
            +---------+---------+-------+---------+---------+-------
      Total |   15624 |   24038 |  60.6 |     248 |      91 |  26.8
            +---------+---------+-------+---------+---------+-------
        D:1 |      47 |       0 |   0.0 |      25 |       0 |   0.0
        D:2 |      41 |      34 |  45.3 |      18 |      11 |  37.9
        D:3 |      55 |      15 |  21.4 |      18 |       1 |   5.3
        D:4 |     236 |     823 |  77.7 |      13 |       4 |  23.5
        D:5 |     644 |     663 |  50.7 |      24 |       1 |   4.0
        D:6 |     470 |       0 |   0.0 |      17 |       0 |   0.0
        D:7 |    1081 |       0 |   0.0 |      14 |       0 |   0.0
        D:8 |    1460 |    3248 |  69.0 |      26 |      13 |  33.3
        D:9 |    3711 |       0 |   0.0 |      33 |       0 |   0.0
       D:10 |    4489 |    2991 |  40.0 |      38 |       3 |   7.3
       D:11 |    2943 |     847 |  22.3 |      15 |       1 |   6.2
       D:12 |     447 |    2945 |  86.8 |       7 |       7 |  50.0
      IceCv |       0 |   12472 | 100.0 |       0 |      50 | 100.0
            +---------+---------+-------+---------+---------+-------
